 Dungeon Crawl Stone Soup version 0.30-a0-629-gd54f4be4f7 (webtiles) character file.

Game seed: 12924873456943780228

31 tilp the Covered (level 3, -1/31 HPs)
             Began as a Meteoran Fighter on Jan 13, 2023.
             Slain by a goblin
             ... wielding a +0 club
             ... led by Robin
              (3 damage)
             ... on level 2 of the Dungeon.
             The game lasted 00:01:37 (339 turns).

tilp the Covered (Meteoran Fighter)                  Turns: 339, Time: 00:01:38

Health: -1/31      AC:  7    Str: 18    XL:     3   Next: 61%
Magic:  4/4        EV: 10    Int:  9    God:
Gold:   13         SH:  5    Dex: 15    Spells: 2/2 levels left

rFire   . . .      SeeInvis .    a - +0 long sword
rCold   . . .      Faith    .    c - +0 buckler
rNeg    . . .      Spirit   .    b - +0 scale mail
rPois   .          Reflect  .    (no helmet)
rElec   .          Harm     .    (no cloak)
rCorr   .          Rampage  .    (no gloves)
Will    .....                    (no boots) Stlth
                                 (no amulet)
HPRegen 0.25/turn                (no ring)
MPRegen 0.09/turn                (no ring)

@: glowing
A: sense surroundings 1, otherworldly, glowing, explore regen
a: no special abilities


You were on level 2 of the Dungeon.
You visited 1 branch of the dungeon, and saw 2 of its levels.

You collected 13 gold pieces.

Inventory:

Hand Weapons
 a - a +0 long sword (weapon)
Missiles
 f - 3 javelins (quivered)
Armour
 b - a +0 scale mail (worn)
 c - a +0 buckler (worn)
Scrolls
 e - a scroll of vulnerability {unknown}
Potions
 d - a potion of might
 g - a potion of invisibility {unknown}


   Skills:
 + Level 3.5 Fighting
 + Level 2.8 Long Blades
 + Level 3.8 Armour
 * Level 1.9 Dodging
 + Level 0.4 Stealth
 + Level 3.7 Shields


You had 2 spell levels left.
You didn't know any spells.
Your spell library was empty.

Dungeon Overview and Level Annotations

Branches:
Dungeon (2/15) Zot: 838

Altars:

Annotations:
D:2 Robin


Innate Abilities, Weirdness & Mutations

You passively map a small area around you.
You are easily found by Zot.
You glow in the dark.
You regain HP and MP as you explore.


Message History

The goblin hits you with a +0 club. Robin throws the goblin at you!
The goblin hits you but does no damage.
You closely miss the goblin.
The goblin hits you but does no damage. x2
You barely miss the goblin. The goblin hits you but does no damage.
The goblin barely misses you.
A goblin comes into view. It is wielding a +0 club.
You hit the goblin.
The goblin is heavily wounded.
The goblin no longer looks unusually strong.
The hobgoblin no longer looks unusually strong.
The goblin hits you with a +0 club.
Robin roars a battlecry!
The goblins go into a battle-frenzy!
The goblin hits you but does no damage.
A goblin comes into view. It is wielding a +0 dagger.
The goblin hits you with a +0 club. You block the goblin's attack.
The goblin moves out of view.
You hear a shout!
You hit the goblin.
You kill the goblin!
You hear a shout!
Robin throws the goblin at you! The goblin hits you but does no damage.
You block the goblin's attack.
You hit the goblin.
The goblin is almost dead.
The goblin hits you with a +0 club.
* * * LOW HITPOINT WARNING * * *
The goblin hits you with a +0 club.
* * * LOW HITPOINT WARNING * * *
You barely miss the goblin.
The goblin is almost dead.
The goblin hits you but does no damage. The goblin closely misses you.
The goblin hits you with a +0 club.
* * * LOW HITPOINT WARNING * * *
The goblin hits you with a +0 club.
* * * LOW HITPOINT WARNING * * *
You barely miss the goblin.
The goblin is almost dead.
You block the goblin's attack. The goblin hits you with a +0 club.
You die...

### #..,
, #.#*
#.# #g#
#@#
#g#####
,*
#g#...##
* ,
#g..8..#
** ,
###.g⌠.#
.8..# *
.gg.#, ,
#.)g.. *
, * ,
##ggg. *
*


You could see Robin, a hobgoblin (strong) and 2 goblins.

Vanquished Creatures
  3 ball pythons (D:1)
  2 bats (D:1)
  An endoplasm (D:1)
  4 giant cockroaches (D:1)
  7 goblins
  5 hobgoblins
  A quokka (D:1)
  2 kobolds (D:1)
25 creatures vanquished.

Notes
Turn   | Place    | Note
-------+----------+-------------------------------------------
     0 | D:1      | tilp the Meteoran Fighter began the quest for the Orb.
     0 | D:1      | Reached XP level 1. HP: 19/19 MP: 2/2
    58 | D:1      | Reached XP level 2. HP: 24/26 MP: 3/3
    86 | D:1      | Reached skill level 1 in Dodging
   198 | D:1      | Reached XP level 3. HP: 31/31 MP: 4/4
   315 | D:2      | Noticed Robin
   339 | D:2      | Slain by a goblin

Illustrated notes

Levels and vault maps discovered:
D:1:      saegor_arrival_simple_d, layout_loops_corners
D:2:      layout_loops_ring, ebering_ecumenical_altar_petrified,
          corexii_hall_statues_l, hangedman_feature_mirror, uniq_robin,
          uniq_jessica

Skill      XL: |  1  2 |
---------------+-------+-----
Dodging        | 1 |  1.9
Fighting       | |  3.5
Long Blades    | |  2.8
Armour         | |  3.8
Stealth        | |  0.4
Shields        | |  3.7

Action                   || total
-------------------------++-------
Melee: Long sword        ||    70
Armor: Scale mail        ||    48
Dodge: Dodged            ||    30
Block: Buckler           ||    29

Table legend: (Time is in decaauts)
 A = Elapsed time spent in this place.
 B = Non-inter-level travel time spent in this place.
 C = Inter-level travel time spent in this place.
 D = Time resting spent in this place.
 E = Time spent auto-exploring this place.
 F = Levels seen in this place.
 G = Mean time per level.
                   A        B        C        D        E       F      G
               +--------+--------+--------+--------+--------+-----+--------+
         Total |    360 |    339 |     21 |      0 |      0 |   2 |  180.0 |
       Dungeon |    360 |    339 |     21 |      0 |      0 |   2 |  180.0 |
               +--------+--------+--------+--------+--------+-----+--------+

Top non-repeatable levels by time:
     D:1: 328 daAuts
     D:2: 32 daAuts
